 Dungeon Crawl Stone Soup version 0.22.1-1-ga44c0e5 (webtiles) character file.

583 greentea the Chopper (level 7, -3/91 HPs)
             Began as a Minotaur Berserker on Oct 14, 2018.
             Was a Believer of Trog.
             Killed from afar by a gargoyle (20 damage)
             ... with a stone arrow
             ... on level 3 of the Dungeon.
             The game lasted 00:13:01 (2439 turns).

greentea the Chopper (Minotaur Berserker)           Turns: 2439, Time: 00:13:01

Health: -3/91      AC:  9    Str: 26    XL:     7   Next: 14%
Magic:  6/6        EV: 10    Int:  4    God:    Trog [**....]
Gold:   79         SH:  0    Dex: 12    Spells: 6/6 levels left

rFire    . . .     SeeInvis .   a - +0 hand axe
rCold    . . .     Gourm    .   (no shield)
rNeg     . . .     Faith    .   b - +0 chain mail
rPois    .         Spirit   .   (helmet restricted)
rElec    .         Reflect  .   (no cloak)
rCorr    .         Harm     .   (no gloves)
MR       ++...                  (no boots)
Stlth    ..........             h - amulet of rage
HPRegen  1.25/turn              (no ring)
MPRegen  0.10/turn              (no ring)

@: berserking, regenerating, very quick
A: retaliatory headbutt, horns 2
a: Berserk, Trog's Hand, Renounce Religion, Evoke Berserk Rage


You were on level 3 of the Dungeon.
You worshipped Trog.
Trog was pleased with you.
You were not hungry.

You visited 1 branch of the dungeon, and saw 3 of its levels.

You collected 79 gold pieces.

Inventory:

Hand Weapons
 a - a +0 hand axe (weapon)
Missiles
 g - 90 stones (quivered)
Armour
 b - a +0 chain mail (worn)
Jewellery
 h - an amulet of rage (around neck)
 n - an uncursed ring of resist corrosion {unknown}
Wands
 d - a wand of disintegration (19)
Scrolls
 f - 2 scrolls of remove curse
 j - 2 scrolls of identify {unknown}
 k - a scroll of random uselessness {unknown}
Potions
 e - 2 potions of mutation {unknown}
 i - a potion of resistance {unknown}
 m - a potion of haste {unknown}
 o - a potion of magic {unknown}
Comestibles
 c - 5 rations


   Skills:
 + Level 5.4 Fighting
 * Level 6.9 Axes
 + Level 4.6 Armour
 + Level 4.3 Dodging


You had 6 spell levels left.
You didn't know any spells.
Your spell library was empty.

Dungeon Overview and Level Annotations

Branches:
Dungeon (3/15)

Altars:
Uskayaw

Annotations:
D:3 1 transporter


Innate Abilities, Weirdness & Mutations

You reflexively headbutt those who attack you in melee.
You have a pair of horns on your head.


Message History

The troll barely misses you.
The gargoyle hurls a stone arrow at you.
The stone arrow misses you.
You hit the gargoyle but do no damage. You headbutt the gargoyle!
The gargoyle is severely damaged.
You slash the troll!
You kill the troll!
Trog accepts your kill.
Your Dodging skill increases to level 4!
You have reached level 7!
The gargoyle hurls a stone arrow at you.
The stone arrow hits you!
* * * LOW HITPOINT WARNING * * *
You slash the gargoyle! You headbutt the gargoyle.
The gargoyle is almost destroyed.
You hit the gargoyle but do no damage.
The gargoyle is almost destroyed.
The gargoyle hurls a stone arrow at you.
The stone arrow hits you!
You die...

#.##.#.........©.....##
#.##.##.#..#########..#
#.##.##.#.##8$._[$8##.#
#.##.##.#.#..$($%(..#.#
##.##......#..#...#..#.#
...#####.#.#.#.....#.#.#
..## #.#.#.$......©#.#
..# #.#.#.#.....#.#.#
..# #.#.#..#.@.#..#.#
..# #.#.#...9.....#.#
..######.#.##8.....8##.#
......##.#..#########..#
..###.##.##.....©.....##
.####.##.######...#####
....#.##.# ##.##
.##.#.##[# #.# ###
.........####
#.####.####


You could see a gargoyle.

Vanquished Creatures
  A troll (D:3)
  2 big kobolds (D:3)
  The ghost of maxcito73 the Firebug, a weakling HuFE (D:3)
  A centaur zombie (D:2)
  A hound (D:3)
  6 adders
  An ooze (D:1)
  2 dart slugs (D:1)
  3 leopard geckos (D:3)
  5 orcs (D:3)
  A giant cockroach (D:1)
  7 goblins
  2 hobgoblins
  4 jackals (D:1)
  A quokka (D:3)
  2 ball pythons (D:1)
  2 bats
  2 frilled lizards
  A giant cockroach zombie (D:3)
  12 kobolds
  5 rats
62 creatures vanquished.

Notes
Turn   | Place    | Note
-------+----------+-------------------------------------------
     0 | D:1      | greentea the Minotaur Berserker began the quest for the
                  | Orb.
     0 | D:1      | Reached XP level 1. HP: 19/19 MP: 0/0
   248 | D:1      | Reached XP level 2. HP: 27/27 MP: 1/1
   258 | D:1      | Reached skill level 4 in Axes
   799 | D:2      | Reached XP level 3. HP: 27/33 MP: 2/2
   905 | D:2      | Reached ** piety under Trog
  1006 | D:2      | Reached XP level 4. HP: 35/40 MP: 3/3
  1360 | D:3      | Found a transporter.
  1364 | D:3      | Found a transporter.
  1365 | D:3      | Noticed a gargoyle
  1366 | D:3      | Noticed a troll
  1372 | D:3      | Found a hide-covered altar of Uskayaw.
  1530 | D:3      | Reached skill level 5 in Axes
  1675 | D:3      | Found a faded altar of an unknown god.
  1841 | D:3      | Reached XP level 5. HP: 47/47 MP: 4/4
  1890 | D:3      | Found a runed gate.
  1890 | D:3      | Found a runed gate.
  1890 | D:3      | Noticed maxcito73's ghost (weakling HuFE)
  1900 | D:3      | Found a runed gate.
  1917 | D:3      | Killed maxcito73's ghost
  1935 | D:3      | Reached skill level 6 in Axes
  1935 | D:3      | Reached XP level 6. HP: 25/55 MP: 5/5
  2333 | D:3      | Reached skill level 5 in Fighting
  2437 | D:3      | Killed a troll
  2437 | D:3      | Reached XP level 7. HP: 43/61 MP: 6/6
  2439 | D:3      | Killed from afar by a gargoyle

Skill      XL: |  1  2  3  4  5  6 |
---------------+-------------------+-----
Axes           | 4 5 6 |  6.9
Fighting       | 4 5 |  5.4
Armour         | 3 4 |  4.6
Dodging        | 3 4 |  4.3

Action                   |  1- 3 |  4- 6 |  7- 9 || total
-------------------------+-------+-------+-------++-------
Melee: Hand axe          |    56 |    94 |     2 ||   152
       Headbutt          |     8 |    13 |     1 ||    22
Throw: Stone             |     1 |       |       ||     1
Invok: Trog's Hand       |       |     4 |       ||     4
       Berserk           |       |     3 |       ||     3
  Use: Scroll            |       |     1 |       ||     1
       Potion            |       |     2 |       ||     2
  Eat: Chunk             |       |     7 |       ||     7
       Ration            |       |     1 |       ||     1
Armor: Chain mail        |    13 |    60 |       ||    73
       Ring mail         |     5 |       |       ||     5
       Animal skin       |     3 |       |       ||     3
Dodge: Dodged            |    31 |    53 |       ||    84
